 Dungeon Sprint DCSS version 0.30.1-4-g462c640d31 (webtiles) character file.

Game seed: 17773388104464648331

5633 Heoruswealwe the Brawler (level 10, -3/113 HPs)
             Began as a Troll Berserker on Aug 17, 2023.
             Was the Champion of Trog.
             Slain by a demonic crawler (12 damage)
             ... in the Dungeon (Sprint I: "Red Sonja").
             The game lasted 00:20:02 (774 turns).

Heoruswealwe the Brawler (Troll Berserker)           Turns: 774, Time: 00:20:05

Health: -3/113     AC:  9    Str: 31    XL:     10   Next: 46%
Magic:  9/9        EV: 12    Int:  3    God:    Trog [******]
Gold:   55         SH:  0    Dex:  9    Spells: 9/9 levels left

rFire   . .          .
                       - Unarmed
rCold   . . .        (no shield)
rNeg    . . .        j - +0 troll leather armour
rPois   .            (helmet restricted)
rElec   .            e - +2 cloak {Will+}
rCorr   .            (gloves unavailable)
SInv    +            (boots unavailable)
Will    +....        o - amulet of regeneration
Stlth   +            n - ring of see invisible
HPRegen 2.78/turn    (no ring)
MPRegen 0.11/turn

%: no teleportation
@: on berserk cooldown, hasted and slowed
A: large, unfitting armour, claws 3, regeneration 1, shaggy fur 1, tough skin 1
a: Renounce Religion, Berserk, Trog's Hand, Brothers in Arms


You were in the Dungeon.
You worshipped Trog.
Trog was exalted by your worship.
You visited 1 branch You collected 1036 gold pieces.
You spent 981 gold pieces at shops.

Inventory:

Hand Weapons
 a - the +9 war axe "Onul" {antimagic, rF+ rN+ Int-2 Dex+2}
   (Trog gifted it to you in the Dungeon)

   Int:       It affects your intelligence (-2).
   Dex:       It affects your dexterity (+2).
   rF:        It protects you from fire.
   rN:        It protects you from negative energy.
Armour
 e - a +2 cloak of willpower (worn)
 j - a +0 troll leather armour (worn)
Jewellery
 n - a ring of see invisible (left claw)
 o - an amulet of regeneration (around neck)
Wands
 f - a wand of roots (13)
 h - a wand of flame (19)
Scrolls
 b - a scroll of immolation
 c - 4 scrolls of fear
 g - 2 scrolls of blinking
 k - a scroll of enchant weapon
 m - a scroll of amnesia
 r - a scroll of poison
 s - a scroll of magic mapping {unknown}
Potions
 d - a potion of haste
 i - a potion of degeneration {unknown}
 p - a potion of attraction {unknown}
 q - a potion of cancellation {unknown}
 t - a potion of brilliance {unknown}
Miscellaneous
 l - a phantom mirror


   Skills:
 + Level 11.1 Fighting
 + Level 11.1 Dodging
 * Level 17.8 Unarmed Combat


You had 9 spell levels left.
You didn't know any spells.
Your spell library was empty.

Dungeon Overview and Level Annotations

Branches:
Dungeon (1/1)

Altars:
Cheibriados
Dithmenos
Elyvilon
Fedhas
Gozag
Hepliaklqana
Kikubaaqudgha
Makhleb
Nemelex Xobeh
Okawaru
Qazlal
Ru
Sif Muna
Trog
Uskayaw
Vehumet
Wu Jian
Xom
Yredelemnul
Zin
The Shining One
Jiyva
Lugonu

Shops:
D [****(=:(:![[*[[


Innate Abilities, Weirdness & Mutations

You are too large for most types of armour.
You have claws for hands.
Your natural rate of healing is unusually fast.
You are covered in fur. (AC +1)
You have tough skin. (AC +1)


Message History

You eviscerate the demonic crawler!!!
The demonic crawler is severely wounded.
You claw the demonic crawler!
You kill the demonic crawler!
Trog accepts your kill.
Your Fighting skill increases to level 11!
Your Dodging skill increases to level 11!
You barely miss the demonic crawler. You mangle the demonic crawler!!
The demonic crawler is heavily wounded.
The demonic crawler hits you!
* * * LOW HITPOINT WARNING * * *
The demonic crawler hits you.
* * * LOW HITPOINT WARNING * * *
The demonic crawler hits you!
* * * LOW HITPOINT WARNING * * *
You barely miss the demonic crawler. You claw the demonic crawler!
The demonic crawler is heavily wounded.
You mangle the demonic crawler!!
You kill the demonic crawler!
Trog accepts your kill.
You see here 2 stones.
You feel a strong urge to attack something.
There is an ornate altar of the Wu Jian Council here.
You are no longer berserk.
You are exhausted.
You feel yourself slow down.
There is an open door, spattered with blood here.
The demonic crawler hits you!
* * * LOW HITPOINT WARNING * * *
The demonic crawler hits you but does no damage.
The demonic crawler hits you!
* * * LOW HITPOINT WARNING * * *
You claw the demonic crawler!
The demonic crawler is moderately wounded.
The demonic crawler hits you but does no damage.
The demonic crawler hits you.
* * * LOW HITPOINT WARNING * * *
The demonic crawler closely misses you. The demonic crawler hits you!
You die...

#########################
#<.#..)..#.)'..#__#..'...
#..').#..'..#..'..s..#)s.
#..#####'#####†#__####...
#..####..#...#.####§[####
#..#__####..##(#§§§§.#§.#
#..#_____##'#_.+§§§§§+.§#
#⌠⌠#_.∩.@s'..._#§§§..#..#
####_.._s##_.#'##+#####'#
#_____###+#.#[)).###.+
####### ####†###.###
+..[!.'.∩## ###########
#.......## #.......§.
#''.######


You could see 2 demonic crawlers.

Vanquished Creatures
  2 centaur warriors (D)
  A deep troll (D)
  An oklob plant (D)
  2 demonic crawlers (D)
  2 unseen horrors (D)
  2 kobold demonologists (D)
  A hornet (D)
  Sigmund (D)
  A yak (D)
  A slime creature (D)
  2 redbacks (D)
  2 floating eyes (D)
  An ogre (D)
  7 necrophages (D)
  8 jellies (D)
  Ijyb (D)
35 creatures vanquished.

Notes
Turn   | Place    | Note
-------+----------+-------------------------------------------
     0 | D        | Heoruswealwe the Troll Berserker began the quest for the
                  | Orb.
     0 | D        | Reached XP level 1. HP: 22/22 MP: 0/0
     1 | D        | Noticed Ijyb
     7 | D        | Killed Ijyb
     8 | D        | Reached skill level 5 in Unarmed Combat
     8 | D        | Reached XP level 2. HP: 31/31 MP: 1/1
    11 | D        | Noticed an ogre
    14 | D        | Killed an ogre
    15 | D        | Reached skill level 7 in Unarmed Combat
    15 | D        | Reached XP level 3. HP: 40/40 MP: 2/2
    15 | D        | Reached XP level 4. HP: 49/49 MP: 3/3
    54 | D        | Noticed Sigmund
    60 | D        | Killed Sigmund
    60 | D        | Reached ** piety under Trog
    61 | D        | Reached skill level 5 in Fighting
    61 | D        | Reached skill level 5 in Dodging
    61 | D        | Reached skill level 9 in Unarmed Combat
    61 | D        | Reached XP level 5. HP: 53/59 MP: 4/4
    61 | D        | Reached XP level 6. HP: 61/67 MP: 5/5
    78 | D        | Found a burning altar of Makhleb.
    78 | D        | Found a viscous altar of Jiyva.
    78 | D        | Found a shimmering altar of Xom.
    78 | D        | Found a corrupted altar of Lugonu.
    78 | D        | Noticed a slime creature
    82 | D        | Killed a slime creature
    83 | D        | Reached skill level 10 in Unarmed Combat
   103 | D        | Found an ornate altar of the Wu Jian Council.
   103 | D        | Found a shimmering blue altar of Sif Muna.
   105 | D        | Found a radiant altar of Vehumet.
   133 | D        | Found Copyimp's Armour Emporium.
   133 | D        | Found an ancient bone altar of Kikubaaqudgha.
   133 | D        | Found a hazy altar of Hepliaklqana.
   133 | D        | Found a stormy altar of Qazlal.
   133 | D        | Found a hide-covered altar of Uskayaw.
   133 | D        | Found a blossoming altar of Fedhas.
   133 | D        | Found a bloodstained altar of Trog.
   133 | D        | Found an iron altar of Okawaru.
   133 | D        | Found a basalt altar of Yredelemnul.
   133 | D        | Found a glowing golden altar of the Shining One.
   133 | D        | Found a snail-covered altar of Cheibriados.
   133 | D        | Found a sacrificial altar of Ru.
   133 | D        | Found a glowing silver altar of Zin.
   133 | D        | Found a shadowy altar of Dithmenos.
   133 | D        | Found a white marble altar of Elyvilon.
   133 | D        | Noticed a yak
   136 | D        | Killed a yak
   136 | D        | Reached *** piety under Trog
   137 | D        | Reached skill level 11 in Unarmed Combat
   137 | D        | Reached XP level 7. HP: 64/78 MP: 6/6
   137 | D        | Found an opulent altar of Gozag.
   138 | D        | Found a sparkling altar of Nemelex Xobeh.
   162 | D        | Noticed a kobold demonologist
   162 | D        | Noticed a kobold demonologist
   165 | D        | Killed a kobold demonologist
   165 | D        | Paralysed by a floating eye for 2 turns
   166 | D        | Reached skill level 12 in Unarmed Combat
   171 | D        | Killed a kobold demonologist
   171 | D        | Reached **** piety under Trog
   172 | D        | Reached skill level 13 in Unarmed Combat
   172 | D        | Reached XP level 8. HP: 88/88 MP: 7/7
   187 | D        | Noticed a centaur warrior
   187 | D        | Noticed a centaur warrior
   193 | D        | HP: 1/88 [centaur warrior/arrow (14)]
   204 | D        | Killed a centaur warrior
   205 | D        | Reached skill level 14 in Unarmed Combat
   208 | D        | Killed a centaur warrior
   208 | D        | Reached ***** piety under Trog
   209 | D        | Reached skill level 15 in Unarmed Combat
   209 | D        | Reached XP level 9. HP: 7/100 MP: 8/8
   295 | D        | Noticed a deep troll
   301 | D        | Killed a deep troll
   314 | D        | Found Ruofiwnumu's Armour Emporium.
   415 | D        | Noticed an oklob plant
   419 | D        | Killed an oklob plant
   420 | D        | Reached skill level 10 in Fighting
   420 | D        | Reached skill level 10 in Dodging
   420 | D        | Reached skill level 16 in Unarmed Combat
   458 | D        | Received a gift from Trog
   475 | D        | Reached XP level 10. HP: 111/111 MP: 9/9
   479 | D        | Identified the +9 war axe "Onul" {antimagic, rF+ rN+ Int-2
                  | Dex+2} (Trog gifted it to you in the Dungeon)
   479 | D        | Received a gift from Trog
   524 | D        | Reached skill level 17 in Unarmed Combat
   541 | D        | Received a gift from Trog
   541 | D        | Reached ****** piety under Trog
   636 | D        | Found Vasesehuwn's Antique Armour Boutique.
   636 | D        | Found Wiyschan's Armour Emporium.
   636 | D        | Found Ischoh's Assorted Antiques.
   638 | D        | Found Mailesoz's Antique Armour Boutique.
   638 | D        | Found Tempu's Distillery.
   638 | D        | Found Tupiogh's Book Shop.
   638 | D        | Found Socos Meliu's Weapon Emporium.
   638 | D        | Found Bihoxko's Book Boutique.
   638 | D        | Found Fuyhu's Jewellery Shoppe.
   638 | D        | Found Uvufeuno's Antique Weapon Shop.
   645 | D        | Bought a scroll labelled JEIMAL ICIEQ for 25 gold pieces
   645 | D        | Bought a scroll labelled URCHUO NAKHUS for 25 gold pieces
   645 | D        | Bought a scroll labelled URCHUO NAKHUS for 25 gold pieces
   645 | D        | Found Mickas's General Store.
   646 | D        | Found Roics's Assorted Antiques.
   646 | D        | Found Gummeyxi's Assorted Antiques.
   647 | D        | Found Geakhlurgh's General Store.
   653 | D        | Bought a ring of see invisible for 150 gold pieces
   656 | D        | Bought a scroll of identify for 20 gold pieces
   657 | D        | Bought a green potion for 22 gold pieces
   657 | D        | Bought a metallic purple potion for 22 gold pieces
   657 | D        | Bought a scroll labelled OCAERHOTATH for 25 gold pieces
   658 | D        | Bought a scroll labelled UXTYNLI XOHITO for 19 gold pieces
   658 | D        | Bought a lumpy purple potion for 17 gold pieces
   658 | D        | Bought a scroll labelled URCHUO NAKHUS for 19 gold pieces
   659 | D        | Bought a scroll of identify for 22 gold pieces
   661 | D        | Bought a scroll of blinking for 82 gold pieces
   662 | D        | Bought a scroll of identify for 38 gold pieces
   664 | D        | Bought a scroll of identify for 50 gold pieces
   664 | D        | Bought a scroll of identify for 50 gold pieces
   669 | D        | Bought an amulet of regeneration for 300 gold pieces
   678 | D        | Bought a potion of heal wounds for 70 gold pieces
   744 | D        | Noticed a demonic crawler
   744 | D        | Noticed a demonic crawler
   744 | D        | Noticed a demonic crawler
   744 | D        | Noticed a demonic crawler
   761 | D        | Killed a demonic crawler
   765 | D        | Killed a demonic crawler
   774 | D        | Slain by a demonic crawler

Illustrated notes

Levels and vault maps discovered:
D:        dungeon_sprint_1 [red_sonja_temple_1, red_sonja_temple_small_1]

Skill      XL: |  1  2  3  4  5  6  7  8  9 10 |
---------------+-------------------------------+-----
Fighting       | 3 4 5 7 8 9 10 11 | 11.1
Dodging        | 3 4 5 7 8 9 10 11 | 11.1
Unarmed Combat | 5 7 9 11 13 15 16 17 | 17.8

Action                     |  1- 3 |  4- 6 |  7- 9 | 10-12 || total
---------------------------+-------+-------+-------+-------++-------
  Melee: Unarmed           |     7 |    11 |    33 |    45 ||    96
         Punch             |       |     1 |     1 |     4 ||     6
 Invoke: Berserk           |       |       |     1 |     1 ||     2
    Use: Potion            |     1 |       |     3 |     2 ||     6
         Scroll            |       |       |       |     5 ||     5
 Armour: Animal skin       |     1 |       |     4 |       ||     5
         Troll leather arm |       |       |       |    32 ||    32
  Dodge: Dodged            |     2 |     3 |    20 |    26 ||    51
